Map: 카이로스 정션 - 래더

Players

Zest - Winner!

  • Race: Protoss Protoss
  • League: Master
  • Spawn Location: 11:00

TSGSolar (Solar)

  • Race: Zerg Zerg
  • League: Master
  • Spawn Location: 5:00

Event: IEM Season 13 - Katowice Server Qualifiers Asia 2

VOD

Have the link to the VOD?

Description

Time

  • Played on: Jan. 22, 2019, 7:06 a.m.
  • Length: 7:52

All games in this series

Show
View Real Time Build Order
Export as new Build Order

Zest Protoss - Winner!

Build Orders: 1 Gate Expand, Oracle Opening, Zealot Archon, Archon Drop 

Get SALT Encoding   

  12  0:00  Probe  
  13  0:12  Probe  
  14  0:17  Pylon  
  14  0:24  Probe  
  15  0:32  Probe  
  15  0:37  Gateway  
  15  0:40  Probe  
  16  0:46  Assimilator  
  17  0:51  Probe  
  18  1:03  Probe  
  19  1:15  Probe  
  20  1:24  Cybernetics Core  
  20  1:32  Nexus  
  20  1:36  Probe  
  21  1:43  Pylon  
  21  1:48  Probe  
  21  1:50  Assimilator  
  21  1:52  Adept  
  22  2:00  Probe  
  25  2:11  Adept  
  25  2:12  Probe  
  28  2:24  Probe  
  28  2:26  Stargate  
  29  2:36  Probe  
  30  2:44  Stalker  
  30  2:46  Probe, Warp Gate  
  30  2:49  Probe  
  34  2:58  Probe  
  35  3:01  Probe  
  35  3:05  Oracle  
  36  3:06  Probe  
  36  3:07  Pylon  
  37  3:13  Probe  
  37  3:14  Probe  
  42  3:23  Assimilator  
  42  3:24  Probe  
  42  3:25  Probe, Assimilator  
  44  3:29  Gateway  
  44  3:32  Oracle  
  44  3:36  Probe  
  44  3:37  Probe  
  49  3:48  Probe  
  49  3:50  Pylon  
  49  3:51  Probe  
  51  3:57  Robotics Facility  
  51  4:00  Probe  
  52  4:03  Probe  
  52  4:05  Twilight Council  
  53  4:13  Probe  
  53  4:15  Probe  
  55  4:21  Pylon  
  55  4:27  Gateway  
  55  4:28  Gateway  
  55  4:32  Probe x2, Warp Prism  
  57  4:43  Templar Archives  
  59  4:48  Zealot  
  59  4:49  Zealot  
  63  5:00  Pylon  
  63  5:01  Observer  
  63  5:07  Nexus  
  64  5:15  Pylon  
  64  5:18  Probe x2  
  64  5:19  Shield Battery  
  66  5:24  High Templar x3  
  66  5:25  High Templar  
  74  5:28  Archon x2  
  74  5:29  Immortal  
  74  5:32  Forge  
  78  5:48  Protoss Ground Weapons Level 1  
  78  5:54  Probe  
  78  5:55  Probe  
  80  5:58  Sentry x2  
  80  6:00  Charge  
  80  6:04  Pylon  
  84  6:07  Gateway x2  
  84  6:11  Immortal  
  88  6:27  Probe x2  
  88  6:29  Probe  
  91  6:33  Sentry, Zealot  
  91  6:34  Zealot x2  
  99  6:40  Probe  
  99  6:41  Probe, Immortal  
  105  6:55  Pylon  
  105  6:57  Pylon  
  105  7:00  Pylon  
  105  7:01  Gateway  
  105  7:03  Gateway  
  105  7:11  Probe x3  
  108  7:17  High Templar x2, Zealot x4  
  108  7:21  Pylon  
  108  7:22  Archon, Assimilator  
  120  7:25  Assimilator  
  120  7:29  Probe x3  
  126  7:44  Zealot  
  126  7:45  Zealot x3  
Show
View Real Time Build Order
Export as new Build Order

TSGSolar Zerg 

Build Orders: Hatch First, Swarm Host 

Get SALT Encoding   

  12  0:01  Drone  
  13  0:12  Overlord  
  13  0:16  Drone  
  14  0:31  Drone  
  15  0:38  Drone  
  16  0:48  Hatchery  
  15  0:51  Drone  
  15  0:55  Drone  
  17  0:58  Drone  
  18  1:08  Extractor  
  17  1:14  Spawning Pool  
  17  1:18  Drone  
  17  1:21  Drone  
  18  1:28  Drone  
  19  1:38  Drone  
  20  1:51  Hatchery  
  19  1:54  Drone  
  20  2:03  Queen  
  20  2:08  Drone  
  23  2:13  Metabolic Boost  
  23  2:18  Zergling x2  
  23  2:21  Drone  
  25  2:26  Overlord  
  25  2:33  Queen  
  25  2:36  Zergling x2  
  28  2:44  Zergling x2  
  28  2:46  Drone x2  
  31  2:52  Queen  
  31  2:54  Zergling x2  
  31  2:56  Zergling x2  
  34  3:06  Drone  
  34  3:07  Drone x3  
  38  3:14  Queen  
  38  3:17  Drone  
  40  3:22  Overlord  
  40  3:25  Drone  
  41  3:28  Overlord  
  41  3:32  Overlord  
  41  3:41  Spore Crawler, Drone  
  41  3:42  Drone  
  41  3:46  Spore Crawler  
  41  3:47  Drone x2  
  41  3:48  Drone  
  44  3:51  Drone  
  44  3:54  Drone x2  
  47  3:58  Drone x2  
  49  4:03  Queen  
  49  4:05  Drone  
  49  4:09  Overlord  
  52  4:11  Drone  
  52  4:14  Drone x2  
  52  4:16  Drone  
  56  4:18  Drone  
  56  4:19  Drone  
  56  4:22  Overlord  
  58  4:28  Drone x3  
  58  4:29  Drone  
  58  4:30  Drone  
  63  4:32  Drone  
  63  4:33  Drone  
  63  4:38  Drone x2  
  63  4:41  Drone  
  63  4:44  Drone  
  65  4:46  Drone  
  65  4:48  Drone x2  
  68  4:52  Lair  
  68  4:59  Roach Warren  
  66  5:01  Overlord, Extractor  
  66  5:02  Drone  
  66  5:04  Extractor  
  66  5:05  Drone x2  
  67  5:07  Extractor  
  67  5:08  Drone x2  
  67  5:09  Drone x2  
  67  5:13  Drone x2  
  70  5:14  Overlord  
  70  5:18  Zergling x6  
  73  5:22  Overlord  
  73  5:25  Drone x2  
  73  5:27  Overlord  
  75  5:28  Overlord  
  75  5:36  Extractor  
  75  5:40  Roach x6  
  85  5:44  Overlord  
  85  5:45  Overlord  
  85  5:49  Overlord  
  84  5:51  Roach x3  
  84  5:56  Glial Reconstitution  
  90  6:00  Drone x2  
  90  6:01  Drone x4  
  96  6:04  Evolution Chamber  
  96  6:08  Roach x2  
  99  6:13  Overlord  
  99  6:14  Overseer, Drone  
  99  6:15  Drone x2, Infestation Pit  
  99  6:17  Drone  
  102  6:22  Drone  
  102  6:24  Drone  
  103  6:31  Overlord  
  102  6:33  Drone x3  
  102  6:34  Drone x3  
  109  6:40  Roach x4, Extractor  
  109  6:42  Overlord  
  109  6:46  Roach  
  114  6:48  Overlord, Roach  
  114  6:49  Roach  
  114  6:51  Overlord  
  114  7:02  Swarm Host x2  
  114  7:04  Swarm Host  
  114  7:06  Ravager  
  121  7:08  Hatchery  
  121  7:09  Swarm Host x2  
  121  7:11  Swarm Host  
  129  7:16  Queen  
  129  7:17  Swarm Host x2  
  129  7:20  Swarm Host  
  140  7:28  Overlord  
  149  7:31  Roach x2  

Tags
 
Add a new tag
Caveats
  • Supply blocks, unpowered buildings, or Contaminate may cause inaccurate times.
  • Supply counts are checked every 10 seconds.